 Dungeon Crawl Stone Soup version 0.30-a0-224-ge52a3cb02f (webtiles) character file.

Game seed: 3719193794387864193

314 qw the Chopper (level 6, -6/39 HPs)
             Began as a Gargoyle Fighter on Oct 9, 2022.
             Mangled by Edmund
             ... wielding a +6 flail of protection
              (8 damage)
             ... on level 4 of the Dungeon.
             The game lasted 00:01:13 (2639 turns).

qw the Chopper (Gargoyle Fighter)                   Turns: 2639, Time: 00:01:14

Health: -6/39      AC: 14    Str: 22    XL:     6   Next: 43%
Magic:  6/6        EV:  7    Int:  8    God:
Gold:   193        SH:  4    Dex:  9    Spells: 5/5 levels left

rFire   . . .      SeeInvis .    Y - +1 war axe
rCold   + . .      Faith    .    c - +0 buckler
rNeg    + . .      Spirit   .    i - +0 chain mail
rPois   inf        Reflect  .    (no helmet)
rElec   +          Harm     .    e - +0 cloak
rCorr   .          Rampage  .    (no gloves)
Will    .....                    (no boots)
Stlth   ..........               (no amulet)
HPRegen 0.26/turn                k - ring of protection from cold
MPRegen 0.10/turn                (no ring)

@: no status effects
A: sickness immunity, AC +4, negative energy resistance 1, electricity
resistance, torment resistance 1, petrification resistance
a: no special abilities


You were on level 4 of the Dungeon.
You visited 1 branch of the dungeon, and saw 4 of its levels.

You collected 193 gold pieces.


Innate Abilities, Weirdness & Mutations

You are immune to sickness and miasma.
Your stone body is resilient. (AC +4)
You are immune to poison.
You resist negative energy. (rN+)
You are resistant to electric shocks. (rElec)
You are resistant to unholy torment.
You are immune to petrification.


   Skills:
 - Level 4.4 Fighting
 + Level 5.4 Axes
 - Level 3.2 Armour
 - Level 3.2 Shields


You had 5 spell levels left.
You didn't know any spells.
Your spell library was empty.

Inventory:

Hand Weapons
 m - a +0 flail
 Y - a +1 war axe (weapon)
Armour
 c - a +0 buckler (worn)
 e - a +0 cloak (worn)
 i - a +0 chain mail (worn)
Jewellery
 a - a ring of fire
 k - a ring of protection from cold (left hand)
Scrolls
 g - a scroll of identify
 j - a scroll of teleportation
Potions
 d - a potion of might
 f - a potion of magic {unknown}
 h - 2 potions of lignification
 l - a potion of degeneration {unknown}
 o - 2 potions of haste
 p - a potion of ambrosia {unknown}

Dungeon Overview and Level Annotations

Branches:
Dungeon (4/15)
 Temple: D:4-7

Altars:

Annotations:
D:2 1 runed translucent door, Crazy Yiuf
D:4 Edmund


Message History

You are starting to lose your buoyancy.
Your extra speed is starting to run out.
You float gracefully downwards.
There is a stone staircase leading down here.
You feel yourself slow down.
You climb downwards.
There is a stone staircase leading up here.
Existing waypoints: (1) D:2 (2) D:3 Assign waypoint to what number? (0-9, D - delete waypoint) Waypoint 1 re-assigned from D:2 to D:4.
You open the door.
Edmund and a dart slug come into view.
Edmund is wielding a +6 flail of protection and carrying a wand of flame (21).
Edmund shouts!
Edmund zaps a wand.
The puff of flame misses you.
There is an open door here.
You slash the dart slug!
You kill the dart slug!
You block Edmund's attack.
You see here a dart slug corpse.
You hit Edmund but do no damage.
Edmund zaps a wand.
The puff of flame hits you.
You hit Edmund but do no damage. Edmund barely misses you.
You barely miss Edmund. Edmund hits you but does no damage.
You barely miss Edmund.
Edmund zaps a wand.
The puff of flame hits you.
Edmund zaps a wand.
The puff of flame hits you.
You hit Edmund but do no damage.
Edmund hits you with a +6 flail of protection.
You hit Edmund but do no damage.
Edmund zaps a wand.
The puff of flame hits you!
You hit Edmund but do no damage.
Edmund hits you with a +6 flail of protection.
You hit Edmund.
Edmund is lightly wounded.
Edmund hits you with a +6 flail of protection! x2
You die...

########
######......#
#..@@'<.....#
#....#......#
#....#......#
##...#........
###########..
.


You could see Edmund.

Vanquished Creatures
  3 jellies (D:3)
  3 orc wizards (D:3)
  4 adders
  A dart slug (D:4)
  6 orcs (D:3)
  17 endoplasms
  2 giant cockroaches (D:3)
  9 goblins
  5 hobgoblins
  2 jackals (D:2)
  5 quokkas
  10 ball pythons
  9 bats
  7 frilled lizards
  12 kobolds
  7 rats
102 creatures vanquished.

Vanquished Creatures (others)
  5 fungi (D:3)
  9 toadstools (D:3)
14 creatures vanquished.

Grand Total: 116 creatures vanquished

Notes
Turn   | Place    | Note
-------+----------+-------------------------------------------
     0 | D:1      | qw the Gargoyle Fighter began the quest for the Orb.
     0 | D:1      | Reached XP level 1. HP: 14/14 MP: 1/1
     0 | D:1      | 0 ||| qw: Version: 0.2-a-17-g06abaee
     0 | D:1      | 0 ||| qw: Game counter: 2272
     0 | D:1      | 0 ||| qw: Always use a shield: true
     0 | D:1      | 0 ||| qw: God list: Okawaru
     0 | D:1      | 0 ||| qw: Allow faded altars: false
     0 | D:1      | 0 ||| qw: Do Orc after D:15 true
     0 | D:1      | 0 ||| qw: Do second Lair branch before Depths: true
     0 | D:1      | 0 ||| qw: Lair rune preference: random
     0 | D:1      | 0 ||| qw: Plans: Normal, Zot:1-4, God:TSO, Crypt, Tomb,
                  | Pan, Slime:5, Hells, Abyss, Orb
     0 | D:1      | 0 ||| PLANNING D:1-11
    80 | D:1      | Reached skill level 2 in Axes
   138 | D:1      | Reached XP level 2. HP: 19/19 MP: 2/2
   337 | D:1      | Reached skill level 3 in Axes
   381 | D:1      | Reached XP level 3. HP: 21/23 MP: 3/3
   425 | D:1      | 425 ||| Stepping ~*~*~tactically~*~*~ (stealth).
   786 | D:1      | 786 ||| UPGRADING to +0 chain mail.
   796 | D:1      | 796 ||| DROPPING +0 scale mail.
   797 | D:1      | 797 ||| READING scroll labelled TUROLO CUNOCH.
   798 | D:1      | 798 ||| READING 3 scrolls labelled EMUITU XEVEME.
   799 | D:1      | 799 ||| READING scroll labelled NIETAMPUTYD.
   800 | D:1      | 800 ||| READING scroll labelled KIKEZX BAARAE.
   801 | D:1      | 801 ||| READING scroll labelled FIEF MA OSUN.
   802 | D:1      | 802 ||| READING 2 scrolls of identify.
   802 | D:1      | 802 ||| IDENTIFYING fizzy yellow potion
  1233 | D:2      | You fall into a shaft and drop 1 floor!
  1259 | D:3      | Reached XP level 4. HP: 25/28 MP: 4/4
  1261 | D:3      | Reached skill level 4 in Axes
  1276 | D:3      | Reached XP level 5. HP: 20/32 MP: 5/5
  1336 | D:3      | 1336 ||| DROPPING +0 club.
  1412 | D:3      | 1412 ||| UPGRADING to ring of protection from cold.
  1413 | D:3      | 1413 ||| READING scroll labelled PIAGOF ACZUBO.
  1414 | D:3      | 1414 ||| READING scroll labelled JOLUGE BEGIR.
  1415 | D:3      | 1415 ||| READING scroll labelled RORGHER KYDEFAERO.
  1427 | D:3      | 1427 ||| READING scroll labelled WANLEN KURU.
  1459 | D:3      | 1459 ||| Stepping ~*~*~tactically~*~*~ (stealth).
  1493 | D:3      | Reached skill level 5 in Axes
  1534 | D:3      | 1534 ||| Stepping ~*~*~tactically~*~*~ (stealth).
  1547 | D:3      | HP: 8/33 [acid (2)]
  1549 | D:3      | Reached XP level 6. HP: 10/39 MP: 6/6
  1707 | D:3      | 1707 ||| READING scroll labelled UGHOEGOMEC.
  1878 | D:2      | Found a runed translucent door.
  1879 | D:2      | Noticed Crazy Yiuf
  1964 | D:2      | 1964 ||| Stepping ~*~*~tactically~*~*~ (stealth).
  2169 | D:2      | 2169 ||| UPGRADING to +0 cloak.
  2241 | D:3      | 2241 ||| Stepping ~*~*~tactically~*~*~ (stealth).
  2396 | D:3      | 2396 ||| Stepping ~*~*~tactically~*~*~ (stealth).
  2567 | D:3      | 2567 ||| READING 2 scrolls labelled UWIHEL XINLOISEF.
  2568 | D:3      | 2568 ||| DRINKING 2 viscous orange potions.
  2569 | D:3      | 2569 ||| DRINKING 3 sedimented purple potions.
  2570 | D:3      | 2570 ||| DROPPING potion of flight.
  2571 | D:3      | 2571 ||| DROPPING scroll of fear.
  2628 | D:4      | Noticed Edmund
  2639 | D:4      | HP: 2/39 [Edmund/+6 flail of protection (9)]
  2639 | D:4      | Mangled by Edmund

Levels and vault maps discovered:
D:1:      pf_arrival_petrified_forest, layout_loops_ring
D:2:      layout_basic, uniq_crazy_yiuf_cottage
D:3:      cheibrodos_fertilizer, layout_basic
D:4:      layout_gridville, minmay_temple_entry_butterflies, uniq_duvessa,
          uniq_robin, uniq_edmund

Skill      XL: |  1  2  3  4  5 |
---------------+----------------+-----
Axes           | 2 3 4 5 |  5.4
Fighting       | 4 |  4.4
Armour         | |  3.2
Shields        | |  3.2

Action                   |  1- 3 |  4- 6 || total
-------------------------+-------+-------++-------
Melee: War axe           |   142 |   103 ||   245
  Use: Scroll            |     6 |     6 ||    12
       Potion            |       |     2 ||     2
Armor: Scale mail        |    38 |       ||    38
       Chain mail        |    34 |    74 ||   108
Dodge: Dodged            |    52 |    44 ||    96
Block: Buckler           |    21 |    14 ||    35

Table legend:
 A = Non-vault XP
 B = Vault XP
 C = Vault XP percentage of total XP
 D = Non-vault monster count
 E = Vault monster count
 F = Vault count percentage of total count
                 A         B        C        D         E       F
            +---------+---------+-------+---------+---------+-------
      Total |     287 |     162 |  36.1 |      81 |      21 |  20.6
            +---------+---------+-------+---------+---------+-------
        D:1 |      46 |       0 |   0.0 |      28 |       0 |   0.0
        D:2 |      52 |       0 |   0.0 |      25 |       0 |   0.0
        D:3 |     185 |     162 |  46.7 |      27 |      21 |  43.8
        D:4 |       4 |       0 |   0.0 |       1 |       0 |   0.0
            +---------+---------+-------+---------+---------+-------
